 Dungeon Crawl Stone Soup version 0.24.0-10-g970556be89 (webtiles) character file.

Game seed: 16650683566730838574, levelgen mode: classic

77613 EnegeticOcto the Cleaver (level 15, 0/97 HPs)
             Began as a Gargoyle Fighter on Nov 3, 2019.
             Was an Elder of Okawaru.
             Slain by an orc warrior
             ... wielding a cursed -2 trident
              (1 damage)
             ... while paralysed by an orc sorcerer
             ... on level 1 of the Orcish Mines.
             The game lasted 00:20:45 (24479 turns).

EnegeticOcto the Cleaver (Gargoyle Fighter)        Turns: 24479, Time: 00:20:46

Health: 0/97       AC: 32    Str: 23    XL:     15   Next: 57%
Magic:  23/23      EV:  2    Int: 19    God:    Okawaru [****..]
Gold:   1339       SH:  0    Dex:  9    Spells: 14/14 levels left

rFire    . . .     SeeInvis .   r - +7 broad axe
rCold    . . .     Gourm    .   t - +0 large shield
rNeg     + . .     Faith    .   j - +0 plate armour
rPois    ∞         Spirit   .   m - +1 helmet
rElec    +         Reflect  +   (no cloak)
rCorr    .         Harm     .   z - +0 pair of gloves
MR       ++...                  G - +0 pair of boots
Stlth    ..........             B - amulet "Bumuoqom" {Reflect rPois Int+7 SH+2}
HPRegen  0.26/turn              A - ring of protection from magic
MPRegen  0.18/turn              F - +5 ring of evasion

@: paralysed, flying, lightly drained
A: big wings, negative energy resistance 1, electricity resistance, unbreathing,
petrification resistance, rot immunity, AC +11
a: Stop Flying, Heroism, Renounce Religion


You were on level 1 of the Orcish Mines.
You worshipped Okawaru.
Okawaru was greatly pleased with you.
You were hungry.

You visited 4 branches of the dungeon, and saw 23 of its levels.
You also visited: Ice Cave.

You collected 2344 gold pieces.
You spent 875 gold pieces at shops.
You donated 130 gold pieces to Zin.

Inventory:

Hand Weapons
 r - a +7 broad axe (weapon)
Missiles
 x - 2 throwing nets (quivered) {!f}
Armour
 j - a +0 plate armour (worn)
 m - a +1 helmet (worn)
 t - a +0 large shield (worn)
 z - a +0 pair of gloves (worn)
 G - a +0 pair of boots (worn)
 L - +0 fire dragon scales
Jewellery
 y - an uncursed ring of protection from cold
 A - a ring of protection from magic (left hand)
 B - the amulet "Bumuoqom" (around neck) {Reflect rPois Int+7 SH+2}
   (You found it in an ice cave)

   [amulet of reflection]

   It shields you and reflects attacks.
   It affects your intelligence (+7).
   It protects you from poison.
   It affects your SH (+2).
 F - a +5 ring of evasion (right hand)
 N - a +4 ring of protection
Wands
 l - a wand of acid (11)
 o - a wand of enslavement (19)
 C - a wand of flame (42)
 D - a wand of scattershot (3)
 K - a wand of disintegration (16)
 O - a wand of iceblast (17)
Scrolls
 a - a scroll of enchant armour
 c - 2 scrolls of fear {!r}
 h - 9 scrolls of remove curse {@r2}
 n - 2 scrolls of blinking {@r4}
 s - 6 scrolls of teleportation {@r3 !r}
 w - 3 scrolls of fog {!r}
 E - a scroll of silence
 H - 5 scrolls of identify {@r1}
Potions
 b - 3 potions of agility {@q5 !q}
 d - 2 potions of might {@q3 !q}
 f - 6 potions of haste {@q4 !q}
 g - 2 potions of resistance
 i - 6 potions of curing {@q1 !q}
 k - a potion of heal wounds {@q2 !q}
 p - 5 potions of mutation
 q - a potion of invisibility
 u - 2 potions of berserk rage
 v - 2 potions of cancellation
 J - a potion of brilliance
 P - 2 potions of magic
Miscellaneous
 I - a phantom mirror
Comestibles
 e - 34 rations


   Skills:
 + Level 12.4(12.2) Fighting
 * Level 14.2(14.0) Axes
 + Level 12.5(12.2) Armour
 + Level 3.1(2.9) Dodging
 + Level 12.5(12.2) Shields
 + Level 11.5(11.3) Invocations


You had 14 spell levels left.
You didn't know any spells.
Your spell library contained the following spells:

 Spells                   Type           Power        Failure   Level  Hunger
 Animate Skeleton         Necr           N/A          100%        1    ##.....
 Beastly Appendage        Tmut           #.....       100%        1    ##.....
 Corona                   Hex            #......      100%        1    ##.....
 Magic Dart               Conj           #...         100%        1    ##.....
 Pain                     Necr           #...         100%        1    ##.....
 Searing Ray              Conj           #.....       100%        2    ###....
 Slow                     Hex            #.......     100%        2    ###....
 Sticks to Snakes         Tmut           #.......     100%        2    ###....
 Dazzling Spray           Conj/Hex       #.....       100%        3    ####...
 Inner Flame              Hex/Fire       #.......     100%        3    ####...
 Portal Projectile        Hex/Tloc       #.....       100%        3    ####...
 Regeneration             Chrm/Necr      #.........   100%        3    ####...
 Spider Form              Tmut/Pois      #.........   100%        3    ####...
 Vampiric Draining        Necr           #.........   100%        3    ####...
 Animate Dead             Necr           N/A          100%        4    #####..
 Cause Fear               Hex            #.........   100%        4    #####..
 Force Lance              Conj/Tloc      #.......     100%        4    #####..
 Fulminant Prism          Conj/Hex       #.........   100%        4    #####..
 Ice Form                 Ice/Tmut       #.......     100%        4    #####..
 Iskenderun's Mystic Bla  Conj           #.......     100%        4    #####..
 Leda's Liquefaction      Hex/Erth       #.........   100%        4    #####..
 Blade Hands              Tmut           #.........   100%        5    ######.
 Irradiate                Conj/Tmut      #.........   100%        5    ######.
 Silence                  Hex/Air        #.........   100%        5    ######.
 Yara's Violent Unravell  Hex/Tmut       #.........   100%        5    ######.
 Deflect Missiles         Chrm/Air       #.........   100%        6    #######
 Hydra Form               Tmut           #.........   100%        6    #######
 Dragon Form              Tmut           #.........   100%        7    #######
 Discord                  Hex            #.........   100%        8    #######
 Statue Form              Tmut/Erth      Unusable     N/A         6    N/A

Dungeon Overview and Level Annotations

Branches:
Dungeon (14/15)            Temple (1/1) D:5            Lair (6/6) D:8
 Shoals (0/4) Lair:4        Snake (0/4) Lair:2        Slime (0/5) Lair:6
    Orc (2/2) D:12            Elf (0/3) Orc:2        Vaults (0/5) D:14
  IceCv (visited)

Altars:
Ashenzari
Cheibriados
Dithmenos
Elyvilon
Fedhas
Gozag
Hepliaklqana
Kikubaaqudgha
Makhleb
Nemelex Xobeh
Okawaru
Qazlal
Ru
Sif Muna
Trog
Uskayaw
Vehumet
Wu Jian
Xom
Yredelemnul
Zin
The Shining One
Beogh

Shops:
D:6 !   D:9 }   D:10 %?%=   Orc:2 *([=

Annotations:
D:14 Rupert


Innate Abilities, Weirdness & Mutations

You are resistant to torment.
Your stone body is resilient. (AC +11)
You are immune to poison.
Your large and strong wings let you fly indefinitely.
You resist negative energy. (rN+)
You are resistant to electric shocks. (rElec)
You can survive without breathing.
You are immune to petrification.
You are immune to rotting.


Message History

You closely miss the troll. The troll bites you but does no damage.
The troll misses you. The troll closely misses you.
The orc priest looks satisfied for a moment.
You block the orc's attack.
An orc warrior comes into view. It is wielding a +0 trident.
You block the orc sorcerer's attack. The warg bites you!
The sun demon hits you.
You are engulfed in flames!
The orc warrior hits you but does no damage.
You closely miss the warg.
The warg is severely wounded.
You closely miss the orc. You closely miss the orc sorcerer.
You closely miss the troll. You slice the orc warrior!!
You kill the orc warrior!
Okawaru accepts your kill.
Your plate armour prevents you from hitting the orc.
You closely miss the sun demon. You completely miss the orc.
You block the warg's attack. You block the troll's attack.
The troll closely misses you. You block the troll's attack.
The orc sorcerer points at you and mumbles some strange words.
The bolt of negative energy hits you. You partially resist.
You feel drained.
The bolt of negative energy hits the sun demon.
The sun demon completely resists.
The bolt of negative energy hits the orc wizard!
The orc wizard is drained!
The orc wizard dies!
The orc hits you but does no damage. You block the orc's attack.
The orc hits you but does no damage. The sun demon barely misses you.
You slash the warg!
You kill the warg!
Okawaru accepts your kill.
You closely miss the orc. You barely miss the orc sorcerer.
You closely miss the troll. You slash the orc!
You kill the orc!
You hit the orc. You slice the sun demon!! You slice the orc!!
You kill the orc!
You block the sun demon's attack.
The orc sorcerer hits you but does no damage.
You block the orc warrior's attack.
The orc knight roars a battlecry!
The orcs go into a battle-frenzy!
You block the orc's attack. x2; The orc closely misses you.
You slash the sun demon!
The sun demon is almost dead.
You slash the orc wizard! You slice the orc!!
You kill the orc!
Your shield and plate armour prevent you from hitting the orc.
You hit the orc sorcerer. You closely miss the troll.
You barely miss the troll.
Your shield prevents you from hitting the orc.
The orc priest begins to cast a cantrip, but forgets the words!
You block the sun demon's attack. The troll bites you but does no damage.
You block the troll's attack. The troll claws you but does no damage.
The orc sorcerer hits you but does no damage.
The orc hits you but does no damage.
The orc warrior hits you but does no damage.
You block the orc's attack.
You slice the sun demon!!
You kill the sun demon!
You slash the orc! You closely miss the troll.
Your shield and plate armour prevent you from hitting the troll.
You slash the orc sorcerer! You slice the orc!!
You kill the orc!
You closely miss the orc wizard. You closely miss the orc.
The orc throws a boomerang.
The boomerang closely misses you. The troll bites you but does no damage.
You block the troll's attack. The troll claws you but does no damage.
The troll bites you but does no damage. The troll misses you.
The troll barely misses you.
The orc sorcerer gestures at you while chanting.
You suddenly lose the ability to move!
The orc warrior completely misses you.
The orc hits you but does no damage. x2; The troll bites you.
The troll claws you but does no damage. The troll barely misses you.
The troll bites you but does no damage.
The troll claws you but does no damage. x2
The orc sorcerer points at you and mumbles some strange words.
You shrug off the repeated paralysis!
The orc knight roars a battlecry!
The orc warrior goes into a battle-frenzy!
The orc warrior completely misses you. The troll completely misses you.
The troll claws you but does no damage. The troll claws you.
The orc priest calls upon Beogh to heal the orc wizard.
The orc wizard is healed somewhat.
The orc hits you with a +0 flail. The orc hits you with a +0 flail!
The cyclops barely misses you. The troll bites you but does no damage.
The troll barely misses you. The troll claws you but does no damage.
The orc sorcerer hits you with a +0 dagger.
The orc warrior hits you from afar with a +0 trident.
The orc warrior hits you from afar with a cursed -2 trident!
The troll bites you! The troll claws you.
* * * LOW HITPOINT WARNING * * *
The troll claws you but does no damage.
The orc wizard hits you but does no damage.
The orc hits you but does no damage. The troll bites you but does no damage.
The troll claws you but does no damage. The troll barely misses you.
The orc sorcerer hits you but does no damage.
The orc warrior hits you from afar with a +0 trident!
* * * LOW HITPOINT WARNING * * *
The cyclops hits you!
* * * LOW HITPOINT WARNING * * *
The orc warrior hits you from afar with a cursed -2 trident.
You die...

..............
..........#.. .
#.......... .#
##......... .#
#.........## .##
#.....oo...#...#
#...oooCo....##
#T@To.....#
.....oooT........
.....o#..........
.................
................#
.................
.....#.........#.
....###..#......


You could see an orc knight, a cyclops, 3 trolls, an orc sorcerer, 2 orc
warriors, an orc priest, an orc wizard and 5 orcs.

Vanquished Creatures
  A sphinx (D:13)
  A frost giant (D:13)
  A fire giant (D:13)
  An orc warlord (Orc:2)
  An ettin (Orc:2)
  A fire dragon (Lair:6)
  Fannar (D:10)
  2 hydras
  A two-headed ogre (D:10)
  2 tengu warriors (D:13)
  2 catoblepae (Lair:6)
  8 death yaks
  A queen ant (D:10)
  Urug (Orc:2)
  An orc high priest (Orc:2)
  2 unseen horrors (D:12)
  A swamp dragon (Lair:6)
  3 orc knights (Orc:2)
  6 orc sorcerers
  2 cyclopes
  2 deep elf magi (D:13)
  6 ugly things
  3 manticores
  8 elephants
  4 black mambas
  2 ice statues (IceCv)
  2 centaur skeletons (D:13)
  Psyche (D:8)
  14 spiny frogs
  2 gargoyles
  2 torpor snails
  5 rime drakes
  6 komodo dragons
  2 ice devils (Lair:3)
  A meliai (shapeshifter) (D:13)
  A tengu conjurer (D:13)
  2 hornets (Lair:6)
  6 trolls
  12 hippogriffs
  3 slime creatures (D:11)
  6 blink frogs
  3 dream sheep (Lair:6)
  A shadow (D:13)
  Sigmund (D:6)
  Eustachio (D:6)
  4 wyverns
  4 fire bats (D:8)
  63 yaks
  A wraith (D:12)
  3 hungry ghosts
  3 steam dragons
  4 basilisks
  A naga (Lair:2)
  5 wargs
  5 soldier ants (D:10)
  Menkaure (D:6)
  4 acid dragons
  Duvessa (D:5)
  A hell hound (D:8)
  6 porcupines
  8 water moccasins
  3 swamp drakes
  21 orc warriors
  3 black bears
  9 ice beasts
  3 sky beasts
  A hornet zombie (D:12)
  An eye of draining (D:12)
  2 phantoms (D:12)
  A necrophage (D:11)
  7 ogres
  4 wolves (Lair:5)
  14 crocodiles
  13 centaurs
  19 bullfrogs
  Dowan (D:5)
  11 killer bees
  2 scorpions
  A troll zombie (D:12)
  10 wights
  4 electric eels
  A howler monkey (D:5)
  8 crimson imps
  10 hounds
  A jelly (D:11)
  17 orc priests
  21 orc wizards
  3 iguanas
  2 bullfrog skeletons
  15 worker ants
  5 ogre zombies (D:12)
  A hound zombie (D:9)
  A hound skeleton (D:5)
  A worker ant zombie (D:5)
  A howler monkey zombie (D:6)
  6 gnolls
  8 adders
  4 shadow imps
  A white imp (D:9)
  An ooze (shapeshifter) (D:13)
  An adder zombie (D:6)
  2 oozes
  2 worms
  A dart slug (D:1)
  8 leopard geckos
  62 orcs
  A ball python (D:1)
  9 giant cockroaches
  8 goblins
  10 hobgoblins
  10 jackals
  6 kobolds
  3 quokkas
  A ball python skeleton (D:5)
  6 bats
  7 frilled lizards
  2 goblin zombies (D:12)
  A hobgoblin skeleton (D:12)
  3 hobgoblin zombies (D:12)
  An orc skeleton (D:12)
  12 orc zombies (D:12)
  7 rats
  5 fungi
  6 plants
660 creatures vanquished.

Vanquished Creatures (others)
  Nessos (Lair:5)
  A centaur (Lair:4)
  An iguana (Lair:6)
  2 orc wizards
  An orc (Orc:2)
  3 fire vortices (D:8)
  4 fungi (Lair:5)
  3 plants
16 creatures vanquished.

Grand Total: 676 creatures vanquished

Notes
Turn   | Place    | Note
-------+----------+-------------------------------------------
     0 | D:1      | EnegeticOcto the Gargoyle Fighter began the quest for the
                  | Orb.
     0 | D:1      | Reached XP level 1. HP: 14/14 MP: 1/1
    38 | D:1      | Reached skill level 2 in Axes
    83 | D:1      | Reached XP level 2. HP: 19/19 MP: 2/2
   194 | D:1      | Reached XP level 3. HP: 17/23 MP: 3/3
   758 | D:2      | Found a bloodstained altar of Trog.
  1069 | D:2      | Reached XP level 4. HP: 29/29 MP: 4/4
  2032 | D:3      | Reached skill level 3 in Axes
  2212 | D:3      | Reached XP level 5. HP: 29/33 MP: 5/5
  2595 | D:4      | Noticed an ogre
  2602 | D:4      | Killed an ogre
  2602 | D:4      | Reached XP level 6. HP: 39/39 MP: 6/6
  2912 | D:4      | Reached skill level 4 in Axes
  2942 | D:4      | Reached XP level 7. HP: 40/44 MP: 7/7
  3156 | D:5      | Entered Level 5 of the Dungeon
  3228 | D:5      | Found a staircase to the Ecumenical Temple.
  3263 | Temple   | Entered the Ecumenical Temple
  3449 | Temple   | Became a worshipper of Zin the Law-Giver
  3449 | Temple   | Reached * piety under Zin
  3496 | D:5      | Found a glowing silver altar of Zin.
  3504 | D:5      | Reached skill level 5 in Armour
  3513 | D:5      | Reached skill level 5 in Fighting
  3513 | D:5      | Reached skill level 5 in Shields
  3632 | D:5      | Reached skill level 1 in Invocations
  3794 | D:5      | Noticed Duvessa
  3797 | D:5      | Noticed Dowan
  3815 | D:5      | Killed Duvessa
  3815 | D:5      | Reached skill level 5 in Axes
  3818 | D:5      | Killed Dowan
  3818 | D:5      | Reached XP level 8. HP: 23/49 MP: 7/9
  4048 | D:5      | Reached ** piety under Zin
  4592 | D:6      | Found Mogexzuk's Distillery.
  4673 | D:6      | Noticed Menkaure
  4675 | D:6      | Noticed Eustachio
  4680 | D:6      | Killed Menkaure
  4688 | D:6      | Killed Eustachio
  4862 | D:6      | Reached skill level 6 in Axes
  5136 | D:6      | Noticed Sigmund
  5144 | D:6      | Killed Sigmund
  5168 | D:6      | Reached XP level 9. HP: 55/55 MP: 11/11
  5753 | D:7      | Reached *** piety under Zin
  5929 | D:7      | Reached skill level 7 in Axes
  6405 | D:8      | Found a staircase to the Lair.
  6781 | D:8      | Noticed Psyche
  6792 | D:8      | Killed Psyche
  6792 | D:8      | Reached skill level 5 in Invocations
  6792 | D:8      | Reached XP level 10. HP: 47/63 MP: 11/13
  6895 | D:8      | Reached skill level 8 in Axes
  7353 | D:8      | Reached **** piety under Zin
  7997 | D:9      | Found Doiry's Gadget Shop.
  8373 | D:10     | Entered Level 10 of the Dungeon
  8373 | D:10     | Found Kudar's Food Boutique.
  8373 | D:10     | Found an opulent altar of Gozag.
  8598 | D:10     | Noticed a manticore
  8614 | D:10     | Killed a manticore
  8614 | D:10     | Reached skill level 9 in Axes
  8821 | D:10     | Noticed a queen ant
  8840 | D:10     | Killed a queen ant
  8840 | D:10     | Reached XP level 11. HP: 56/68 MP: 15/15
  8993 | D:10     | Found Otoqesax's Jewellery Shoppe.
  9157 | D:10     | Noticed Fannar
  9196 | D:10     | Killed Fannar
  9285 | D:10     | Found Onycrowk's Food Boutique.
  9303 | D:10     | Found Danuq's Magic Scroll Shoppe.
  9328 | D:10     | Bought a scroll of enchant weapon for 105 gold pieces
  9392 | D:10     | Noticed a two-headed ogre
  9410 | D:10     | Killed a two-headed ogre
 10231 | Lair:1   | Entered Level 1 of the Lair of Beasts
 10406 | Lair:1   | Reached skill level 10 in Axes
 10848 | Lair:1   | Reached ***** piety under Zin
 10887 | Lair:1   | Reached XP level 12. HP: 60/76 MP: 17/17
 12471 | Lair:2   | Reached skill level 11 in Axes
 12763 | Lair:2   | Found a staircase to the Snake Pit.
 13223 | Lair:3   | Reached skill level 10 in Shields
 13274 | Lair:3   | Found a frozen archway.
 13281 | Lair:3   | Reached skill level 10 in Armour
 13314 | Lair:3   | Reached skill level 10 in Fighting
 13327 | IceCv    | Entered an ice cave
 13334 | IceCv    | Found a transporter.
 13518 | IceCv    | Found a transporter.
 13558 | IceCv    | Got an ancient amethyst amulet
 13564 | IceCv    | Identified the amulet "Bumuoqom" {Reflect rPois Int+7 SH+2}
                  | (You found it in an ice cave)
 13780 | Lair:3   | Reached XP level 13. HP: 77/82 MP: 19/19
 14935 | Lair:4   | Found a staircase to the Shoals.
 14939 | Lair:4   | Reached skill level 12 in Axes
 16435 | Lair:5   | Reached skill level 10 in Invocations
 16568 | Lair:5   | Noticed Nessos
 16576 | Lair:5   | Killed Nessos
 16658 | Lair:5   | Gained mutation: Your large and strong wings let you fly
                  | indefinitely. [Gargoyle growth]
 16658 | Lair:5   | Reached XP level 14. HP: 68/90 MP: 21/21
 17301 | Lair:6   | Entered Level 6 of the Lair of Beasts
 17710 | Lair:6   | Found a staircase to the Slime Pits.
 17870 | Lair:6   | Reached skill level 13 in Axes
 18081 | D:10     | Bought a +5 ring of evasion for 770 gold pieces
 18930 | Lair:6   | Reached ****** piety under Zin
 20120 | Temple   | Fell from the grace of Zin
 20120 | Temple   | Became a worshipper of Warmaster Okawaru
 20479 | D:12     | Found a staircase to the Orcish Mines.
 20991 | D:12     | Reached skill level 1 in Dodging
 21110 | D:12     | Reached * piety under Okawaru
 21517 | D:13     | Reached ** piety under Okawaru
 21517 | D:13     | Reached XP level 15. HP: 60/96 MP: 23/23
 22129 | D:13     | Noticed a frost giant
 22129 | D:13     | Noticed a fire giant
 22140 | D:13     | Noticed a sphinx
 22149 | D:13     | Killed a frost giant
 22163 | D:13     | Killed a sphinx
 22163 | D:13     | Reached *** piety under Okawaru
 22171 | D:13     | Killed a fire giant
 22171 | D:13     | Reached skill level 14 in Axes
 22751 | D:14     | Found a gate to the Vaults.
 22751 | D:14     | Noticed Rupert
 22824 | Orc:1    | Entered Level 1 of the Orcish Mines
 22825 | Orc:1    | Paralysed by an orc sorcerer for 5 turns
 22996 | Orc:2    | Entered Level 2 of the Orcish Mines
 23260 | Orc:2    | Noticed Urug
 23273 | Orc:2    | Killed Urug
 23615 | Orc:2    | Noticed an orc warlord
 23636 | Orc:2    | Found a staircase to the Elven Halls.
 23637 | Orc:2    | Reached **** piety under Okawaru
 23641 | Orc:2    | Killed an orc warlord
 23928 | Orc:2    | Found a roughly hewn altar of Beogh.
 23972 | Orc:2    | Found a roughly hewn altar of Beogh.
 23999 | Orc:2    | Found Taubbecw's General Store.
 24011 | Orc:2    | Found Sydwocim's Antique Weapon Shop.
 24207 | Orc:2    | Found Ninni's Jewellery Shop.
 24222 | Orc:2    | Found Zeiroeh's Antique Armour Shop.
 24476 | Orc:1    | Paralysed by an orc sorcerer for 7 turns
 24479 | Orc:1    | HP: 1/97 [cyclops (15)]
 24479 | Orc:1    | Slain by an orc warrior

Levels and vault maps discovered:
D:1:      scummos_arrival_hexagon, layout_loops_ring
D:2:      layout_basic, lightli_temple_of_fire, first_ration, chequers_big_river
D:3:      layout_basic
D:4:      layout_loops_ring
D:5:      layout_basic, minmay_temple_entry_mist, basic_altar,
          kennysheep_doodads, uniq_duvessa
D:6:      layout_loops_ring, serial_shops, shop, uniq_eustachio, uniq_sigmund,
          uniq_menkaure
D:7:      layout_loops_ring
D:8:      layout_rooms, erik_lair_orcish_takeover, grunt_ogre_cave,
          hangedman_incinerator, uniq_psyche
D:9:      layout_basic, serial_shops, kennysheep_little_box,
          minmay_fire_ice_demons
D:10:     layout_irregular_city, basic_altar, serial_shops, nicolae_shop_trees,
          shop, shop, shop_fountains, minmay_another_anthill, uniq_fannar
D:11:     layout_rooms
D:12:     layout_loops_ring, zombieorc1_lemuel
D:13:     minmay_glassy_protrusions, layout_small_grid,
          minmay_increasing_density
D:14:     minmay_quarter_circles, layout_basic, david_vaults_3,
          ebering_dispersal_statue_hall, minmay_microvault
Temple:   minmay_crystal_snake_temple
Lair:1:   layout_chaotic_city
Lair:2:   layout_regular_city, guppyfry_snake_entry_island, lemuel_fruit_tree,
          grunt_megastairs_1, serial_bayou_shore_a
Lair:3:   layout_roguey, portal_ice_cave_demonic_guard
Lair:4:   layout_roguey, minmay_shoals_entry_centaurs
Lair:5:   layout_layer_cave, nicolae_quartered_pool_super, guppyfry_lair_drakes,
          uniq_nessos
Lair:6:   hangedman_lair_in_review, layout_cave_pods, guppyfry_lair_end_dragon,
          minmay_slime_entry_oklob_enclosed, grunt_megastairs_3
Orc:1:    layout_caves
Orc:2:    grunt_orc_cross, layout_diamond_mine, basic_altar, uniq_urug

Skill      XL: |  1  2  3  4  5  6  7  8  9 10 11 12 13 14 15 |
---------------+----------------------------------------------+-----
Axes           | 2 3 4 5 6 7 9 10 11 12 13 14 | 14.2
Armour         | 4 5 6 7 8 9 10 11 12 | 12.5
Fighting       | 4 5 6 7 8 9 10 11 12 | 12.4
Shields        | 4 5 6 7 8 9 10 11 12 | 12.5
Invocations    | 1 3 5 6 7 9 10 11 | 11.5
Dodging        | 1 3 |  3.1

Action                   |  1- 3 |  4- 6 |  7- 9 | 10-12 | 13-15 || total
-------------------------+-------+-------+-------+-------+-------++-------
Melee: War axe           |   163 |   160 |   159 |       |       ||   482
       Broad axe         |       |    52 |   194 |   720 |  1084 ||  2050
Invok: Recite            |       |       |     5 |     6 |       ||    11
       Heroism           |       |       |       |       |     3 ||     3
 Abil: Fly               |       |       |       |       |     1 ||     1
Evoke: Wand              |       |       |       |       |     4 ||     4
  Use: Scroll            |       |     4 |    13 |     8 |     8 ||    33
       Potion            |       |     1 |     3 |     1 |     6 ||    11
 Stab: Confused          |       |       |     1 |       |       ||     1
       Petrified         |       |       |       |       |     4 ||     4
  Eat: Chunk             |     1 |     6 |     4 |    15 |    29 ||    55
       Ration            |       |       |     3 |     3 |     2 ||     8
Armor: Scale mail        |    49 |       |       |       |       ||    49
       Plate armour      |    86 |   183 |   250 |   530 |   519 ||  1568
Dodge: Dodged            |    40 |    33 |    59 |   129 |   194 ||   455
Block: Shield            |   107 |   146 |   185 |   179 |       ||   617
       Large shield      |       |       |       |   392 |  1087 ||  1479
       Reflection        |       |       |       |       |    39 ||    39
